 Dungeon Crawl Stone Soup version 0.24-a0-520-g8fd06ad0bc (webtiles) character file.

Game seed: 685122875821696620

23499 Gargoyl the Agent of Entropy (level 12, 0/97 HPs)
             Began as a Centaur Abyssal Knight on July 26, 2019.
             Was a Priest of Lugonu.
             Slain by a polar bear simulacrum (10 damage)
             ... on level 3 of the Lair of Beasts.
             The game lasted 00:21:15 (17900 turns).

Gargoyl the Agent of Entropy (CeAK)                Turns: 17900, Time: 00:21:16

Health: 0/97       AC: 18    Str: 17    XL:     12   Next: 72%
Magic:  19/19      EV:  5    Int: 11    God:    Lugonu [***...]
Gold:   757        SH: 14    Dex: 12    Spells: 11/11 levels left

rFire    . . .     SeeInvis .   w - +4 war axe
rCold    . . .     Gourm    .   e - +1 shield
rNeg     . . .     Faith    .   l - +1 chain mail {rPois}
rPois    +         Spirit   .   (no helmet)
rElec    .         Reflect  +   v - +2 cloak
rCorr    .         Harm     .   (no gloves)
MR       .....                  (no barding)
Stlth    ..........             m - +4 amulet of reflection
HPRegen  0.26/turn              b - +3 ring of protection
MPRegen  0.16/turn              y - +2 ring of protection

@: drained, very quick
A: large, hooves 3, deformed body, speed 2, tough skin 3
a: Depart the Abyss, Bend Space, Banish, Renounce Religion


You were on level 3 of the Lair of Beasts.
You worshipped Lugonu.
Lugonu was most pleased with you.
You were not hungry.

You visited 2 branches of the dungeon, and saw 13 of its levels.
You visited the Abyss 1 time.

You collected 757 gold pieces.

Inventory:

Hand Weapons
 a - a +6 hand axe
 w - a +4 war axe (weapon)
Missiles
 o - 6 silver javelins (quivered)
Armour
 e - a +1 shield (worn)
 l - a +1 chain mail of poison resistance (worn)
 v - a +2 cloak (worn)
Jewellery
 b - a +3 ring of protection (left hand)
 m - a +4 amulet of reflection (around neck)
 y - a +2 ring of protection (right hand)
Wands
 j - a wand of polymorph (12)
Scrolls
 d - 4 scrolls of blinking
 n - 6 scrolls of remove curse
 p - 2 scrolls of identify
 r - a scroll of teleportation
 x - a scroll of fog
Potions
 f - 2 potions of heal wounds
 g - a potion of resistance
 h - a potion of curing
 i - 3 potions of haste
 k - 3 potions of agility
 q - a potion of might
 s - a potion of brilliance
 t - 2 potions of lignification
Comestibles
 c - 16 rations


   Skills:
 + Level 6.8(5.8) Fighting
 + Level 9.0(8.0) Axes
 + Level 2.4(1.5) Throwing
 * Level 8.0(7.0) Armour
 * Level 6.2(5.2) Dodging
 + Level 5.2(4.3) Shields
 * Level 9.5(8.4) Invocations
 + Level 2.0(1.1) Evocations


You had 11 spell levels left.
You didn't know any spells.
Your spell library contained the following spells:

 Spells                   Type           Power        Failure   Level  Hunger
 Confusing Touch          Hex            #.....       100%        1    ##.....
 Flame Tongue             Conj/Fire      #....        100%        1    ##.....
 Throw Flame              Conj/Fire      #.....       100%        2    ###....
 Confuse                  Hex            #.......     100%        3    ####...
 Conjure Flame            Conj/Fire      #.......     100%        3    ####...
 Gell's Gravitas          Tloc           #.........   100%        3    ####...
 Inner Flame              Hex/Fire       #.......     100%        3    ####...
 Petrify                  Tmut/Erth      #.......     100%        4    #####..
 Sticky Flame             Conj/Fire      #.......     100%        4    #####..
 Fireball                 Conj/Fire      #.........   100%        5    ######.
 Metabolic Englaciation   Hex/Ice        #.........   100%        5    ######.
 Yara's Violent Unravell  Hex/Tmut       #.........   100%        5    ######.


Dungeon Overview and Level Annotations

Branches:
Dungeon (10/15)            Temple (0/1) D:4            Lair (3/6) D:10
  Swamp (0/4) Lair:2       Spider (0/4) Lair:2
    Orc: D:9-12

Altars:
Ashenzari
Dithmenos
Fedhas
Gozag
Makhleb
Nemelex Xobeh
Okawaru
Qazlal
Trog
The Shining One

Shops:
D:10 *

Annotations:
D:6 Menkaure
D:10 exclusion: obsidian statue
Lair:2 Ciosoule's ghost, journeyman FoFi
Abyss:1 motoroller71's ghost, journeyman HuGl


Innate Abilities, Weirdness & Mutations

You have hooves in place of feet.
Armour fits poorly on your strangely shaped body.
You cover ground very quickly.
You have extremely tough skin. (AC +3)


Message History

The necromancer gestures wildly while chanting.
The necromancer binds the souls of nearby monsters.
The polar bear simulacrum bites you. The polar bear simulacrum freezes you!
You block the polar bear simulacrum's attack.
The polar bear simulacrum claws you but does no damage.
You closely miss the necromancer. You hit the polar bear simulacrum.
The necromancer gestures at you while chanting.
The bolt of fire hits you!!
The bolt of fire hits the plant!
The polar bear simulacrum bites you. The polar bear simulacrum freezes you!
* * * LOW HITPOINT WARNING * * *
You block the polar bear simulacrum's attack.
The polar bear simulacrum claws you but does no damage.
You slash the necromancer!
The necromancer is moderately wounded.
You hit the polar bear simulacrum.
The necromancer gestures at you while chanting.
Your body is wracked with pain!
* * * LOW HITPOINT WARNING * * *
The polar bear simulacrum bites you!
You die...

#..........P#..P.....####.
#.........................
#.####...........##.##.##.
#..###.........>#..#...#..
#.........................
#...###....P.#.####.#.#.P.
#................######...
#........######...........
#.##.P§P.@pZ..#...######.P
###......#Z...#..#.# ###
##.#####....#...## #.#
....#..## #.# ..###..# #.#
..) #..# ##.##########..##
#P..............##
#....##..........#


You could see a necromancer and 2 polar bear simulacra.

Vanquished Creatures
  Harold (D:7)
  Nergalle (Lair:3)
  2 elephants
  A spiny frog (Lair:2)
  5 komodo dragons
  3 polar bears (Lair:2)
  A blink frog (Lair:1)
  2 hippogriffs
  3 redbacks (Lair:2)
  A human (D:9)
  A yak (D:9)
  3 hogs (D:9)
  A basilisk (D:7)
  A swamp worm (Lair:2)
  Edmund (D:6)
  A soldier ant (D:10)
  6 water moccasins
  2 porcupines
  3 sky beasts
  An eye of draining (D:10)
  A phantom (D:6)
  5 ogres
  A wolf (Lair:1)
  4 crocodiles
  5 bullfrogs
  3 scorpions
  5 killer bees (D:9)
  9 wights
  3 howler monkeys
  2 electric eels (Lair:1)
  4 crimson imps
  A centaur zombie (D:7)
  8 hounds
  An orc priest (D:6)
  2 centaur skeletons
  A gnoll shaman (D:8)
  An iron imp (D:3)
  2 orc wizards
  Crazy Yiuf (D:7)
  2 bullfrog skeletons
  7 iguanas
  Terence (D:3)
  8 worker ants
  A hound zombie (D:7)
  4 gnolls (D:8)
  11 adders
  3 shadow imps
  An ooze (D:3)
  An adder skeleton (D:6)
  2 worms (D:3)
  5 dart slugs
  5 leopard geckos
  11 orcs
  12 bats
  10 giant cockroaches
  10 hobgoblins
  10 jackals
  6 kobolds
  2 quokkas
  4 frilled lizards
  6 goblins
  A jackal skeleton (D:4)
  A quokka zombie (D:9)
  10 rats
  3 fungi (Lair:2)
  A plant (Lair:2)
237 creatures vanquished.

Vanquished Creatures (others)
  A deep elf archer (D:10)
  A manticore (D:9)
  An elephant (Lair:1)
  Joseph (D:7)
  2 spiny frogs (Lair:2)
  A komodo dragon (Lair:1)
  A centaur (D:6)
  An electric eel (Lair:1)
  A fungus (Lair:2)
10 creatures vanquished.

Grand Total: 247 creatures vanquished

Notes
Turn   | Place    | Note
-------+----------+-------------------------------------------
     0 | Abyss:1  | Gargoyl the Centaur Abyssal Knight began the quest for the
                  | Orb.
     0 | Abyss:1  | Reached XP level 1. HP: 19/19 MP: 2/2
    69 | Abyss:1  | Noticed an ancient zyme
   127 | Abyss:1  | Noticed a large abomination
   140 | Abyss:1  | Noticed a neqoxec
   141 | Abyss:1  | Noticed a crimson imp
   209 | Abyss:2  | Noticed a wretched star
   215 | Abyss:2  | Found a corrupted altar of Lugonu.
   216 | D:1      | Escaped the Abyss
   490 | D:1      | Reached * piety under Lugonu
   491 | D:1      | Reached XP level 2. HP: 24/26 MP: 3/3
   906 | D:1      | Reached skill level 1 in Dodging
  1109 | D:1      | Reached XP level 3. HP: 30/31 MP: 4/4
  1776 | D:2      | Reached XP level 4. HP: 31/38 MP: 5/5
  2098 | D:2      | Reached ** piety under Lugonu
  2260 | D:3      | Found a burning altar of Makhleb.
  2700 | D:3      | Reached XP level 5. HP: 39/45 MP: 7/7
  2961 | D:3      | Found a blossoming altar of Fedhas.
  3126 | D:3      | Noticed Terence
  3132 | D:3      | Killed Terence
  3233 | D:3      | Found a shadowy altar of Dithmenos.
  3305 | D:3      | Found a faded altar of an unknown god.
  3579 | D:4      | Reached XP level 6. HP: 49/52 MP: 8/8
  3598 | D:4      | Got an ancient robe
  3609 | D:4      | Identified the +2 robe of Inference {+Fly Str+4} (You found
                  | it on level 4 of the Dungeon)
  4059 | D:4      | Found a glowing golden altar of the Shining One.
  4199 | D:4      | Found a shattered altar of Ashenzari.
  4262 | D:4      | Found a staircase to the Ecumenical Temple.
  4526 | D:5      | Entered Level 5 of the Dungeon
  4576 | D:5      | Reached XP level 7. HP: 54/58 MP: 9/9
  4593 | D:5      | Reached *** piety under Lugonu
  4601 | D:5      | Reached skill level 1 in Shields
  5315 | D:6      | Found a stormy altar of Qazlal.
  5443 | D:6      | Got a dazzling cloak
  5449 | D:6      | Identified the +0 cloak of Gehenna {+Blink rN+++ Dex-2}
                  | (You found it on level 6 of the Dungeon)
  5793 | D:6      | Reached XP level 8. HP: 33/66 MP: 11/11
  6062 | D:6      | Noticed Menkaure
  6728 | D:6      | Noticed Edmund
  6771 | D:6      | Killed Edmund
  6771 | D:6      | Reached skill level 5 in Axes
  7087 | D:7      | Reached skill level 5 in Invocations
  7150 | D:7      | Reached **** piety under Lugonu
  7269 | D:7      | Found a runed translucent door.
  7270 | D:7      | Noticed Crazy Yiuf
  7311 | D:7      | Noticed Harold
  7326 | D:7      | Killed Harold
  7326 | D:7      | Reached XP level 9. HP: 31/72 MP: 13/13
  7746 | D:7      | Noticed Joseph
  7777 | D:7      | Killed Joseph
  7777 | D:7      | Reached skill level 5 in Armour
  8129 | D:7      | Found an opulent altar of Gozag.
  8250 | D:7      | Killed Crazy Yiuf
  8307 | D:8      | Found an opulent altar of Gozag.
  8360 | D:8      | Reached skill level 5 in Fighting
  9251 | D:8      | Reached XP level 10. HP: 60/81 MP: 14/14
  9778 | D:8      | Found a bloodstained altar of Trog.
 10029 | D:9      | Noticed a manticore
 10050 | D:9      | Killed a manticore
 10447 | D:9      | Found an iron altar of Okawaru.
 10447 | D:9      | Found a sparkling altar of Nemelex Xobeh.
 10789 | D:10     | Entered Level 10 of the Dungeon
 10836 | D:10     | Found a runed translucent gate.
 10846 | D:10     | Found a runed translucent gate.
 10884 | D:10     | Found a runed translucent gate.
 10885 | D:10     | Found an opulent altar of Gozag.
 10886 | D:10     | Found Yritha's Assorted Antiques.
 10886 | D:10     | Noticed an obsidian statue
 10887 | D:10     | Noticed a deep elf archer
 10887 | D:10     | Noticed motoroller71's ghost (journeyman HuGl)
 10890 | D:10     | Found a staircase to the Lair.
 10892 | D:10     | Noticed a rust devil
 10897 | D:9      | Banished motoroller71's ghost
 11160 | D:10     | HP: 2/82 [deep elf archer/arrow (23)]
 11165 | D:10     | Banished a deep elf archer
 11503 | D:10     | Noticed an orange demon
 11513 | Lair:1   | Entered Level 1 of the Lair of Beasts
 11865 | Lair:1   | Reached XP level 11. HP: 9/89 MP: 16/16
 12398 | Lair:1   | Reached skill level 5 in Dodging
 13905 | Lair:2   | Found a transporter.
 14323 | Lair:2   | Found a staircase to the Swamp.
 15184 | Lair:2   | Found a hole to the Spider Nest.
 15850 | Lair:2   | Reached skill level 5 in Shields
 15850 | Lair:2   | Reached XP level 12. HP: 52/97 MP: 18/18
 15898 | Lair:2   | Noticed Ciosoule's ghost (journeyman FoFi)
 16096 | Lair:2   | Found a transporter.
 17494 | Lair:3   | Noticed Nergalle
 17517 | Lair:3   | Killed Nergalle
 17900 | Lair:3   | Slain by a polar bear simulacrum

Levels and vault maps discovered:
D:1:      lemuel_arrival_lava_pool, layout_basic, serial_bayou_pond_c
D:2:      layout_rooms
D:3:      layout_loops_cross, lemuel_doored_altar, lemuel_round_altar,
          makhleb_grotto_becter, chequers_ecumenical_altar_twisty, first_ration,
          uniq_terence
D:4:      layout_basic, tso_altar, kennysheep_mini, minmay_temple_entry_slanted
D:5:      layout_rooms, hex_tiny
D:6:      layout_cave_pods, nicolae_qazlal_general_emergency, uniq_menkaure,
          uniq_edmund
D:7:      layout_cave_pools, serial_park, basic_altar, uniq_harold, uniq_joseph,
          uniq_crazy_yiuf_cottage
D:8:      layout_rooms, bloody_trog, grunt_gozag_statues
D:9:      layout_roguey, gammafunk_temple_overflow_wave, grunt_livestock
D:10:     layout_small_grid, lair_entry_dummy, serial_shops,
          nicolae_shop_behind_doors, basic_altar, ebering_ghost_gozag
Lair:1:   layout_chaotic_city, serial_bayou, serial_bayou_ford_a,
          serial_bayou_pond_b, serial_bayou_lagoon_a, serial_bayou_pond_d,
          beast_lair_carwin_2, lemuel_fruit_tree, serial_bayou_shore_a
Lair:2:   layout_loops_ring, minmay_swamp_entry_worms, spider_nest_entry_webs,
          gammafunk_ghost_berserking_beasts, cheibrodos_lair_lostbears
Lair:3:   layout_long_grid, eino_house_with_fridge, uniq_nergalle

Skill      XL: |  1  2  3  4  5  6  7  8  9 10 11 12 |
---------------+-------------------------------------+-----
Dodging        | 1 2 3 4 6 |  6.2
Axes           | 2 3 4 5 6 7 8 9 |  9.0
Armour         | 2 3 4 5 6 7 8 |  8.0
Invocations    | 3 4 5 6 7 9 |  9.5
Fighting       | 4 5 6 |  6.8
Shields        | 1 2 3 4 5 |  5.2
Throwing       | 2 |  2.4
Evocations     | 2 |  2.0

Action                   |  1- 3 |  4- 6 |  7- 9 | 10-12 || total
-------------------------+-------+-------+-------+-------++-------
Melee: Hand axe          |   101 |   200 |   336 |    27 ||   664
       Kick              |    15 |    33 |    73 |   117 ||   238
       War axe           |       |       |       |   413 ||   413
Throw: Javelin           |       |       |       |     3 ||     3
Invok: Depart the Abyss  |     1 |       |       |       ||     1
       Bend Space        |       |       |     1 |       ||     1
       Banish            |       |       |       |    10 ||    10
Evoke: Wand              |       |       |       |     4 ||     4
  Use: Scroll            |    10 |     5 |    13 |     5 ||    33
       Potion            |     1 |       |     3 |     5 ||     9
 Stab: Held in net/web   |       |       |     1 |       ||     1
  Eat: Chunk             |     1 |     7 |    11 |     8 ||    27
       Ration            |       |       |     1 |     6 ||     7
Armor: Leather armour    |    16 |       |       |       ||    16
       Ring mail         |    30 |    29 |       |       ||    59
       Plate armour      |       |    95 |   175 |   100 ||   370
       Chain mail        |       |       |       |   167 ||   167
Dodge: Dodged            |    64 |     9 |    21 |    87 ||   181
Block: Shield            |     1 |    81 |   215 |   330 ||   627
       Reflection        |       |       |     9 |     7 ||    16

Table legend:
 A = Non-vault XP
 B = Vault XP
 C = Vault XP percentage of total XP
 D = Non-vault monster count
 E = Vault monster count
 F = Vault count percentage of total count
                 A         B        C        D         E       F
            +---------+---------+-------+---------+---------+-------
      Total |   11160 |    8424 |  43.0 |     214 |      29 |  11.9
            +---------+---------+-------+---------+---------+-------
        D:1 |      43 |       0 |   0.0 |      26 |       0 |   0.0
        D:2 |      90 |       0 |   0.0 |      18 |       0 |   0.0
        D:3 |     100 |      76 |  43.2 |      34 |       2 |   5.6
        D:4 |     393 |       0 |   0.0 |      14 |       0 |   0.0
        D:5 |     390 |       0 |   0.0 |      11 |       0 |   0.0
        D:6 |     891 |     166 |  15.7 |      24 |       1 |   4.0
        D:7 |     908 |    1465 |  61.7 |      16 |       3 |  15.8
        D:8 |    1640 |       0 |   0.0 |      24 |       0 |   0.0
        D:9 |    1217 |    1969 |  61.8 |      18 |       7 |  28.0
       D:10 |     550 |    1041 |  65.4 |       4 |       3 |  42.9
     Lair:1 |    2029 |     763 |  27.3 |      10 |       3 |  23.1
     Lair:2 |    2045 |    2144 |  51.2 |      10 |       9 |  47.4
     Lair:3 |     864 |     800 |  48.1 |       5 |       1 |  16.7
            +---------+---------+-------+---------+---------+-------
